AoeStats
← Quadless

Arabia

504297031Analyzed
1v1 RM · 27d ago on Sep 4, 2026· 31m 13s· 2 players
Game mode
Random Map
Map size
Tiny (2 player)
Population
200
Speed
Normal
Resources
Standard
Victory
Conquest
Starting age
Dark Age
Ending age
Imperial Age
RankedLock teamsTeams togetherTeam positionsShared explorationLock speedFull tech treeHidden civsTurbo modeCheats
Victory
Defeat
🇩🇪 Britons · Germany
601
+13
🇩🇪 Koreans · Germany
541
-21
alpecin21
10:31 Feudal Age
8:46 Loom
11:14 Horse Collar
11:35 Double-Bit Axe
16:49 Forging
24:27 Castle Age
27:37 Pikeman
Quadless
11:37 Feudal Age
12:21 Feudal Age
12:57 Loom
13:26 Double-Bit Axe
13:32 Horse Collar
23:36 Scale Barding Armor
26:14 Forging
Connection lost

Rejoining the realm…

Still unreachable

The connection could not be restored.

Session expired

The server has moved on; the page needs a fresh start.